[Event "44th Badalona Open 2018"]
[Site "Badalona"]
[Date "2018.08.02"]
[Round "2"]
[White "Brandt, Stefan"]
[Black "Ruiz"]
[Result "1/2-1/2"]
[ECO "B06"]
[WhiteElo "1940"]
[BlackElo "1773"]
[Annotator "NA"]
[PlyCount "43"]
[EventDate "2018.08.01"]
[EventType "swiss"]
[EventCountry "ESP"]
[SourceTitle "playchess.com"]
[Source "ChessBase"]
[SourceQuality "1"]
[TimeControl "5400+30"]

1. e4 g6 2. Nc3 d6 3. g3 Bg7 4. Bg2 Nf6 5. f4 e5 6. d3 Nc6 7. Nf3 Bg4 8. h3 Bxf3 9. Qxf3 Nd4 10. Qf2 Nh5 11. O-O Qd7 12. Be3 c5 13. Nd5 exf4 14. gxf4 f5 15. c3 Ne6 16. exf5 gxf5 17. Qh4 Qf7 18. Rae1 Kd7 19. b4 Nf6 20. bxc5 Nxc5 21. Bxc5 Nxd5 22. Bf2 1/2-1/2

[Event "44th Badalona Open 2018"]
[Site "Badalona"]
[Date "2018.08.02"]
[Round "2"]
[White "Murat Huertas, Eduard"]
[Black "Kruijf, Caspar"]
[Result "0-1"]
[ECO "C95"]
[WhiteElo "1784"]
[BlackElo "1918"]
[Annotator "NA RC"]
[PlyCount "134"]
[EventDate "2018.08.01"]
[EventType "swiss"]
[EventCountry "ESP"]
[SourceTitle "playchess.com"]
[Source "ChessBase"]
[SourceQuality "1"]
[TimeControl "5400+30"]

1. e4 e5 2. Nf3 Nc6 3. Bb5 a6 4. Ba4 Nf6 5. O-O Be7 6. Re1 b5 7. Bb3 d6 8. c3 O-O 9. h3 Nb8 10. d4 Nbd7 11. a4 Bb7 12. Nbd2 c5 13. d5 c4 14. Bc2 Re8 15. Nf1 Bf8 16. Ng3 g6 17. Bg5 h6 {[%emt 0:01:25] C95: Closed Ruy Lopez: Breyer Variation with 10 d4} 18. Bd2 Bg7 19. Qc1 Kh7 {[%emt 0:00:30] [#]} 20. Nh2 $146 ({Predecessor:} 20. b4 cxb3 21. Bxb3 Nc5 22. Qa3 Nfd7 23. Be3 Qc7 24. Nd2 Bf8 25. Bc2 bxa4 26. Bxa4 Nxa4 27. Qxa4 {1-0 (75) Borisek,J (2561)-Amin,B (2662) Doha 2016}) 20... Nc5 21. Ra3 bxa4 22. Bxa4 Nd3 23. Qa1 Nxe1 24. Qxe1 Re7 25. Qe2 Rc8 26. Nhf1 Qb6 27. Be3 Qc7 28. Nd2 Nd7 29. Bxd7 Rxd7 30. Ra4 Qd8 31. Nxc4 Re7 32. Na5 Ra8 $16 33. b4 Qd7 34. Qa2 h5 35. c4 h4 36. Ne2 f5 37. f3 fxe4 38. fxe4 Bh6 39. Bf2 g5 40. c5 dxc5 41. bxc5 Qb5 42. c6 Bc8 43. d6 Be6 44. Qc2 Rf7 45. Nc3 Qb8 46. c7 Qf8 47. Nd5 Qxd6 48. Nb7 Qf8 49. Nd8 Rxd8 50. cxd8=Q Qxd8 51. Qc6 Bd7 52. Qb7 Qf8 53. Ra2 Bxh3 54. Qxa6 Bc8 55. Qe2 h3 56. Bg3 hxg2 57. Qxg2 Qc5+ 58. Kh2 Be6 59. Bxe5 g4 60. Nf6+ Rxf6 61. Bxf6 Bxa2 62. Qxa2 Qd6+ 63. e5 Bf4+ 64. Kg1 Qd1+ 65. Kg2 Qf3+ 66. Kg1 Be3+ 67. Kh2 Qh3# 0-1

[Event "44th Badalona Open 2018"]
[Site "Badalona"]
[Date "2018.08.04"]
[Round "4"]
[White "Narciso Dublan, Marc"]
[Black "Abhishek, Das"]
[Result "1-0"]
[ECO "B20"]
[WhiteElo "2483"]
[BlackElo "2314"]
[Annotator "ChessBase"]
[PlyCount "111"]
[EventDate "2018.08.01"]
[EventType "swiss"]
[EventCountry "ESP"]
[SourceTitle "playchess.com"]
[Source "ChessBase"]
[SourceQuality "1"]
[TimeControl "5400+30"]

1. e4 c5 2. Be2 Nc6 3. d3 d5 4. f4 dxe4 5. dxe4 Qxd1+ 6. Bxd1 b6 7. Nf3 Bb7 8. c3 g6 9. O-O Bg7 10. Nbd2 Nf6 11. Bb3 O-O 12. e5 Ne8 13. Ne4 Nc7 14. Re1 Rad8 15. h4 Na5 16. Bc2 f5 17. exf6 exf6 18. f5 Rfe8 19. fxg6 hxg6 20. Bf4 Ne6 21. Nd6 Bxf3 22. gxf3 Re7 23. Rad1 Bf8 24. Bh2 Nd4 25. cxd4 Rxe1+ 26. Rxe1 Bxd6 27. Bxd6 Rxd6 28. dxc5 Rd2 29. cxb6 axb6 30. Re8+ Kg7 31. Rc8 b5 32. Rc3 Nc4 33. a4 Ne5 34. axb5 Nxf3+ 35. Rxf3 Rxc2 36. Rb3 Kf7 37. b6 Rc8 38. b7 Rb8 39. Rb6 g5 40. h5 Kg7 41. b4 Kh6 42. Rxf6+ Kxh5 43. Rf7 Kg6 44. Rc7 Kf5 45. Kf2 Ke5 46. b5 Kf4 47. b6 Ke4 48. Kg3 Kf5 49. Rf7+ Ke6 50. Rc7 Kf5 51. Kf3 Ke5 52. Kg4 Kf6 53. Rh7 Kg6 54. Rd7 Kf6 55. Rc7 Kg6 56. Rc8 1-0

[Event "44th Badalona Open 2018"]
[Site "Badalona"]
[Date "2018.08.04"]
[Round "4"]
[White "Aguero Jimenez, Luis Lazaro"]
[Black "Harikrishnan, A Ra"]
[Result "1/2-1/2"]
[ECO "A06"]
[WhiteElo "2482"]
[BlackElo "2301"]
[Annotator "ChessBase"]
[PlyCount "110"]
[EventDate "2018.08.01"]
[EventType "swiss"]
[EventCountry "ESP"]
[SourceTitle "playchess.com"]
[Source "ChessBase"]
[SourceQuality "1"]
[TimeControl "5400+30"]

1. Nf3 d5 2. g3 Nf6 3. Bg2 c5 4. O-O Nc6 5. d4 e6 6. c4 dxc4 7. Ne5 Bd7 8. Na3 cxd4 9. Naxc4 Be7 10. Qb3 Qc7 11. Nxc6 Bxc6 12. Bf4 Qd8 13. Bxc6+ bxc6 14. Ne5 c5 15. Qb7 Qc8 16. Qb5+ Nd7 17. b4 f6 18. Nc4 e5 19. Bd2 O-O 20. Na5 Kh8 21. Rac1 a6 22. Qc4 cxb4 23. Qe6 Qe8 24. Nb7 Bd8 25. Qc6 Be7 26. Qd5 Nb6 27. Qe6 Na4 28. Rc7 Bd8 29. Nxd8 Qxd8 30. Rd7 Nc5 31. Rxd8 Nxe6 32. Rd6 Nc5 33. Bxb4 Ne4 34. Rd7 Rfb8 35. Be1 Rb2 36. f4 exf4 37. Rxf4 Nc5 38. Re7 d3 39. Rc4 d2 40. Bxd2 Rxd2 41. Rxc5 Rxa2 42. Rcc7 Rg8 43. h4 Ra5 44. Ra7 h5 45. Kf2 Rf5+ 46. Kg2 a5 47. e4 Rb5 48. Kf3 Kh7 49. Red7 Re5 50. Rd5 Rge8 51. Rdxa5 Rxa5 52. Rxa5 Kg6 53. Kf4 Rb8 54. g4 hxg4 55. Kxg4 Rb1 1/2-1/2

[Event "44th Badalona Open 2018"]
[Site "Badalona"]
[Date "2018.08.04"]
[Round "4"]
[White "Perez Mitjans, Orelvis"]
[Black "Verstraeten, Reinaert"]
[Result "1/2-1/2"]
[ECO "B51"]
[WhiteElo "2402"]
[BlackElo "2303"]
[Annotator "NA"]
[PlyCount "71"]
[EventDate "2018.08.01"]
[EventType "swiss"]
[EventCountry "ESP"]
[SourceTitle "playchess.com"]
[Source "ChessBase"]
[SourceQuality "1"]
[TimeControl "5400+30"]

1. e4 c5 2. Nf3 d6 3. Bb5+ Nd7 4. d4 Ngf6 5. Nc3 cxd4 6. Qxd4 e5 7. Qd3 h6 8. Be3 a6 9. Bc4 b5 10. Bd5 Rb8 11. Ba7 Nxd5 12. Nxd5 Rb7 13. Be3 Nf6 14. Nxf6+ Qxf6 15. a4 Be7 16. O-O O-O 17. axb5 axb5 18. Bd2 Qg6 19. Bb4 Bh3 20. Nh4 Bxh4 21. Qxh3 Qxe4 22. Bxd6 Be7 23. Rae1 Qxc2 24. Bxe5 Bc5 25. Qf3 Re7 26. Rc1 Bxf2+ 27. Kh1 Qg6 28. Bxg7 Qxg7 29. Qxf2 Rfe8 30. b4 Re2 31. Qf3 R8e3 32. Qd5 Re5 33. Qf3 R5e3 34. Qb7 Re7 35. Qa8+ Re8 36. Qf3 1/2-1/2

[Event "44th Badalona Open 2018"]
[Site "Badalona"]
[Date "2018.08.04"]
[Round "4"]
[White "Terao, Juliana Sayumi"]
[Black "Oliva Castaneda, Kevel"]
[Result "0-1"]
[ECO "B22"]
[WhiteElo "2295"]
[BlackElo "2478"]
[Annotator "RC"]
[PlyCount "108"]
[EventDate "2018.08.01"]
[EventType "swiss"]
[EventCountry "ESP"]
[SourceTitle "playchess.com"]
[Source "ChessBase"]
[SourceQuality "1"]
[TimeControl "5400+30"]

1. e4 c5 2. c3 Nf6 3. e5 Nd5 4. d4 cxd4 5. Nf3 e6 6. cxd4 d6 7. Bc4 Nc6 8. O-O Be7 9. Qe2 O-O 10. Re1 Bd7 11. Bxd5 exd5 12. Nc3 Be6 13. Bf4 a6 14. Rac1 Re8 15. a3 Rc8 16. b4 Na7 17. Qd3 f6 18. exd6 Bxd6 19. Bxd6 Qxd6 20. Nd2 Re7 21. Nb3 Rec7 22. h3 Bf7 23. h4 Rd8 24. Re3 Rdc8 25. Ree1 Qf4 26. Ne2 Qd6 27. Rxc7 Rxc7 28. Nc5 Re7 29. Qd2 Nb5 30. a4 Na3 31. Ng3 Nc4 32. Qc3 g6 33. Nf1 Kg7 34. Nd3 b6 35. Qc1 Re4 36. Qc3 Qc6 37. Rxe4 dxe4 38. Nb2 Na5 39. Qe1 Nb3 40. Ng3 Qc2 41. Nd1 Nxd4 42. Ne3 Qxa4 43. Nxe4 Qc6 44. Ng3 Nb3 45. Kh2 Qd6 46. Qc3 a5 47. bxa5 bxa5 48. Kg1 Qe5 49. Qc6 h5 50. Ne4 Nd4 51. Qb7 Ne2+ 52. Kf1 Nf4 53. Qb1 a4 54. Nd2 a3 0-1

[Event "44th Badalona Open 2018"]
[Site "Badalona"]
[Date "2018.08.04"]
[Round "4"]
[White "Saurabh, Anand"]
[Black "Pulvett Marin, Daniel Eduardo"]
[Result "0-1"]
[ECO "B42"]
[WhiteElo "2256"]
[BlackElo "2464"]
[Annotator "ChessBase"]
[PlyCount "133"]
[EventDate "2018.08.01"]
[EventType "swiss"]
[EventCountry "ESP"]
[SourceTitle "playchess.com"]
[Source "ChessBase"]
[SourceQuality "1"]
[TimeControl "5400+30"]

1. e4 c5 2. Nf3 e6 3. d4 cxd4 4. Nxd4 a6 5. Bd3 Ne7 6. O-O Nec6 7. Nxc6 Nxc6 8. c4 Bc5 9. Qe2 d6 10. Be3 e5 11. Nc3 Be6 12. Nd5 O-O 13. Kh1 a5 14. Bxc5 dxc5 15. Qe3 Qd6 16. f4 exf4 17. Rxf4 Qe5 18. Qf2 Qd4 19. Qxd4 Nxd4 20. Kg1 Nc6 21. a4 Ne5 22. Bf1 Rad8 23. Ra3 Ng6 24. Rf2 Bd7 25. Rb3 Bc6 26. h4 Rfe8 27. h5 Ne5 28. Rg3 Kh8 29. h6 g6 30. Rg5 Bxd5 31. cxd5 c4 32. Rf6 Kg8 33. Rb6 Nd7 34. Rxb7 Nc5 35. Rb5 Nxe4 36. Rg4 f5 37. Rf4 Nd6 38. Rxa5 Ra8 39. Rxa8 Rxa8 40. Bxc4 Rxa4 41. b3 Rb4 42. Kf1 Kf7 43. Ke2 Kf6 44. Kd3 Ke5 45. Rf1 Rb7 46. Re1+ Ne4 47. g4 Ra7 48. Re2 Ra1 49. gxf5 gxf5 50. Rg2 Rh1 51. Rg7 Rh3+ 52. Ke2 Rxh6 53. Kf3 Rh2 54. Ba6 Rf2+ 55. Ke3 f4+ 56. Kd3 Nc5+ 57. Kc4 Nxa6 58. Re7+ Kf5 59. Rxh7 Rc2+ 60. Kd4 Rd2+ 61. Kc4 Rc2+ 62. Kd4 Rd2+ 63. Kc4 f3 64. Rf7+ Ke4 65. b4 Rd4+ 66. Kc3 Rxd5 67. Kc4 0-1

[Event "44th Badalona Open 2018"]
[Site "Badalona"]
[Date "2018.08.04"]
[Round "4"]
[White "Deshpande, Aniruddha"]
[Black "Fluvia Poyatos, Jordi"]
[Result "0-1"]
[ECO "A41"]
[WhiteElo "2179"]
[BlackElo "2441"]
[Annotator "NA"]
[PlyCount "70"]
[EventDate "2018.08.01"]
[EventType "swiss"]
[EventCountry "ESP"]
[SourceTitle "playchess.com"]
[Source "ChessBase"]
[SourceQuality "1"]
[TimeControl "5400+30"]

1. d4 d6 2. Nf3 Bg4 3. h3 Bxf3 4. exf3 g6 5. c3 Nd7 6. Qb3 Rb8 7. Bc4 e6 8. d5 e5 9. Be3 a6 10. Ba7 b5 11. Be2 Rb7 12. Be3 Ne7 13. Nd2 Nf5 14. O-O Nxe3 15. fxe3 Bh6 16. f4 Qh4 17. Qc2 O-O 18. a4 exf4 19. axb5 axb5 20. e4 Ne5 21. Nf3 Nxf3+ 22. Bxf3 Bg7 23. Ra5 b4 24. cxb4 Rxb4 25. Qxc7 Bd4+ 26. Kh1 Bb6 27. Qxd6 Bxa5 28. Qc5 Ra8 29. e5 Qd8 30. e6 Rc8 31. Qa7 Qc7 32. Qa6 Qc4 33. Qxc4 Rbxc4 34. e7 Bb4 35. Bg4 Re8 0-1

[Event "44th Badalona Open 2018"]
[Site "Badalona"]
[Date "2018.08.04"]
[Round "4"]
[White "Mut Company, Guillem Joan"]
[Black "Costa Trave, Jaume"]
[Result "1/2-1/2"]
[ECO "D08"]
[WhiteElo "1898"]
[BlackElo "1791"]
[Annotator "NA"]
[PlyCount "96"]
[EventDate "2018.08.01"]
[EventType "swiss"]
[EventCountry "ESP"]
[SourceTitle "playchess.com"]
[Source "ChessBase"]
[SourceQuality "1"]
[TimeControl "5400+30"]

1. d4 d5 2. c4 e5 3. dxe5 d4 4. Nf3 Nc6 5. a3 Be6 6. Nbd2 Nge7 7. Nb3 Nf5 8. h4 Bxc4 9. e4 Bxf1 10. Kxf1 Nfe7 11. h5 f6 12. exf6 gxf6 13. Bf4 Nc8 14. Nfxd4 Nxd4 15. Nxd4 Qd7 16. Rc1 Nd6 17. Bxd6 Bxd6 18. Nf5 O-O-O 19. Nxd6+ Qxd6 20. Qxd6 Rxd6 21. Ke2 Rg8 22. g3 Re6 23. Kf3 Rge8 24. Rc4 Rf8 25. g4 Rfe8 26. Rhc1 c6 27. Ke3 Re5 28. Kf3 Kc7 29. Kf4 R8e6 30. f3 b6 31. Ke3 Rd6 32. b4 a5 33. bxa5 Rxa5 34. a4 c5 35. Ke2 Kc6 36. Rb1 h6 37. Ra1 Kc7 38. Rd1 Rxd1 39. Kxd1 Kc6 40. Kd2 b5 41. axb5+ Kxb5 42. Rc1 c4 43. Ke3 Kc5 44. Rd1 Ra3+ 45. Ke2 Ra2+ 46. Ke3 Ra3+ 47. Ke2 Ra2+ 48. Ke3 c3 1/2-1/2

[Event "44th Badalona Open 2018"]
[Site "Badalona"]
[Date "2018.08.04"]
[Round "4"]
[White "Van Malder, Klaus"]
[Black "Kruijf, Caspar"]
[Result "1/2-1/2"]
[ECO "A00"]
[WhiteElo "1813"]
[BlackElo "1918"]
[Annotator "NA"]
[PlyCount "47"]
[EventDate "2018.08.01"]
[EventType "swiss"]
[EventCountry "ESP"]
[SourceTitle "playchess.com"]
[Source "ChessBase"]
[SourceQuality "1"]
[TimeControl "5400+30"]

1. Nc3 d5 2. e4 d4 3. Nce2 Nc6 4. Ng3 e5 5. Nf3 Be6 6. Bb5 f6 7. d3 Bb4+ 8. Bd2 Bxd2+ 9. Qxd2 Nge7 10. O-O O-O 11. Ba4 Qd7 12. Rad1 a6 13. Bb3 Bxb3 14. axb3 Rad8 15. Nh4 Rde8 16. Qe2 Qe6 17. h3 Kh8 18. Nhf5 Nxf5 19. exf5 Qd7 20. Qe4 b6 21. Rde1 a5 22. Kh2 Ne7 23. Qg4 Nd5 24. h4 1/2-1/2

[Event "44th Badalona Open 2018"]
[Site "Badalona"]
[Date "2018.08.05"]
[Round "5"]
[White "Ootes, Lars"]
[Black "Deshpande, Aniruddha"]
[Result "0-1"]
[ECO "A28"]
[WhiteElo "2378"]
[BlackElo "2179"]
[Annotator "NA"]
[PlyCount "78"]
[EventDate "2018.08.01"]
[EventType "swiss"]
[EventCountry "ESP"]
[SourceTitle "playchess.com"]
[Source "ChessBase"]
[SourceQuality "1"]
[TimeControl "5400+30"]

1. c4 e5 2. Nc3 Nf6 3. Nf3 Nc6 4. e3 d6 5. d4 Bg4 6. Be2 Be7 7. h3 Bh5 8. g4 Bg6 9. Nh4 Ne4 10. Nxg6 Nxc3 11. bxc3 hxg6 12. Rb1 Na5 13. Qa4+ c6 14. Ba3 exd4 15. cxd4 d5 16. Bxe7 Kxe7 17. Qb4+ Kf6 18. Rg1 g5 19. Rg3 g6 20. cxd5 Qxd5 21. e4 Qxe4 22. Re3 c5 23. Qb5 Qc2 24. Bd1 Qxa2 25. Rb2 Qa1 26. Rbe2 Nc6 27. Rf3+ Kg7 28. Rxf7+ Kxf7 29. Qxb7+ Kf6 30. Qxc6+ Kg7 31. Re6 Qc3+ 32. Ke2 Qc4+ 33. Ke1 Qxe6+ 34. Qxe6 Rhe8 35. d5 Rxe6+ 36. dxe6 Kf6 37. Bb3 Re8 38. Kd2 Rxe6 39. Bxe6 Kxe6 0-1

[Event "44th Badalona Open 2018"]
[Site "Badalona"]
[Date "2018.08.05"]
[Round "5"]
[White "Verstraeten, Reinaert"]
[Black "Narciso Dublan, Marc"]
[Result "1/2-1/2"]
[ECO "A41"]
[WhiteElo "2303"]
[BlackElo "2483"]
[Annotator "ChessBase"]
[PlyCount "95"]
[EventDate "2018.08.01"]
[EventType "swiss"]
[EventCountry "ESP"]
[SourceTitle "playchess.com"]
[Source "ChessBase"]
[SourceQuality "1"]
[TimeControl "5400+30"]

1. d4 d6 2. Nf3 Bg4 3. c4 g6 4. Nc3 Bg7 5. g3 Bxf3 6. exf3 e6 7. d5 Ne7 8. Bg2 O-O 9. f4 exd5 10. Nxd5 Nxd5 11. Bxd5 Re8+ 12. Kf1 c6 13. Bf3 Nd7 14. Kg2 Nb6 15. Qb3 Qf6 16. a4 Qe6 17. a5 Nxc4 18. a6 bxa6 19. Bxc6 Rab8 20. Qf3 Re7 21. Rxa6 Qc8 22. Ra4 Rb3 23. Qxb3 Qxc6+ 24. Qf3 Qxa4 25. b3 Qa6 26. bxc4 Qxc4 27. Ba3 Qe4 28. Bxd6 Qxf3+ 29. Kxf3 Rd7 30. Be5 a5 31. Ra1 Rd5 32. Ke4 Rb5 33. Bxg7 Kxg7 34. Kd4 Kf6 35. Ra2 g5 36. fxg5+ Kxg5 37. Ke3 Kg4 38. Ra4+ Kh3 39. Rh4+ Kg2 40. Rxh7 Rb3+ 41. Ke4 Rf3 42. Kd4 Rxf2 43. Kc4 Rf5 44. Kb3 Kf3 45. Ka4 Kg4 46. Rg7+ Kh3 47. Rh7+ Kg4 48. Rg7+ 1/2-1/2

[Event "44th Badalona Open 2018"]
[Site "Badalona"]
[Date "2018.08.05"]
[Round "5"]
[White "Kruijf, Caspar"]
[Black "Malonda Rey, Albert"]
[Result "1/2-1/2"]
[ECO "C23"]
[WhiteElo "1918"]
[BlackElo "1682"]
[Annotator "NA"]
[PlyCount "76"]
[EventDate "2018.08.01"]
[EventType "swiss"]
[EventCountry "ESP"]
[SourceTitle "playchess.com"]
[Source "ChessBase"]
[SourceQuality "1"]
[TimeControl "5400+30"]

1. e4 e5 2. Nf3 Nc6 3. Bc4 Bc5 4. c3 d6 5. d4 exd4 6. cxd4 Bb6 7. Nc3 h6 8. h3 Nge7 9. Be3 Ng6 10. O-O a6 11. Qc2 Nce7 12. Rfe1 O-O 13. Rad1 Kh8 14. Qd2 Kh7 15. Bd3 c6 16. e5 Bf5 17. g4 Bxd3 18. Qxd3 f5 19. g5 dxe5 20. dxe5 Qxd3 21. Rxd3 Bxe3 22. Rdxe3 Nf4 23. Kh2 Rad8 24. e6 Rd6 25. gxh6 Kxh6 26. Ne5 Rd2 27. Nc4 Rd4 28. Ne5 Rf6 29. Nf7+ Kh7 30. Ne2 Nxe2 31. R3xe2 b5 32. Ng5+ Kh6 33. Nf7+ Kh7 34. Ng5+ Kh6 35. Nf7+ Kh7 36. Ng5+ Kg6 37. Rg1 Kh5 38. Nf7 Rg6 1/2-1/2

[Event "44th Badalona Open 2018"]
[Site "Badalona"]
[Date "2018.08.05"]
[Round "5"]
[White "Ruiz"]
[Black "Mut Company, Guillem Joan"]
[Result "0-1"]
[ECO "A06"]
[WhiteElo "1773"]
[BlackElo "1898"]
[Annotator "NA"]
[PlyCount "92"]
[EventDate "2018.08.01"]
[EventType "swiss"]
[EventCountry "ESP"]
[SourceTitle "playchess.com"]
[Source "ChessBase"]
[SourceQuality "1"]
[TimeControl "5400+30"]

1. Nf3 d5 2. g3 Nf6 3. Bg2 c6 4. d3 Bf5 5. Nbd2 h6 6. O-O e6 7. e4 Bh7 8. Qe2 Be7 9. e5 Nfd7 10. Re1 O-O 11. Nf1 c5 12. Bf4 Nc6 13. h3 Rc8 14. h4 Re8 15. N1h2 Nb6 16. Ng4 Bf8 17. Bxh6 gxh6 18. Nf6+ Kh8 19. Ng5 Bg6 20. h5 hxg5 21. hxg6 fxg6 22. Qg4 Bh6 23. f4 Nd7 24. Nxe8 Qxe8 25. Qh3 Kg7 26. Kf2 Nd4 27. Rh1 Qh8 28. Bxd5 Nxe5 29. fxe5 Rf8+ 30. Kg2 exd5 31. Qd7+ Rf7 32. Qxd5 Nxc2 33. Qxc5 Nxa1 34. e6 Qf8 35. Qe5+ Rf6 36. Rf1 Qe7 37. Rxa1 Qxe6 38. Qc7+ Rf7 39. Qc3+ Qf6 40. Qc2 Qf3+ 41. Kg1 Qxg3+ 42. Kh1 Qh3+ 43. Kg1 g4 44. Qc3+ Kh7 45. Re1 Be3+ 46. Rxe3 Rf1# 0-1

[Event "44th Badalona Open 2018"]
[Site "Badalona"]
[Date "2018.08.07"]
[Round "7"]
[White "Narciso Dublan, Marc"]
[Black "Grafl, Florian"]
[Result "1-0"]
[ECO "B06"]
[WhiteElo "2483"]
[BlackElo "2359"]
[Annotator "RC"]
[PlyCount "149"]
[EventDate "2018.08.01"]
[EventType "swiss"]
[EventCountry "ESP"]
[SourceTitle "playchess.com"]
[Source "ChessBase"]
[SourceQuality "1"]
[TimeControl "5400+30"]

1. d4 g6 2. e4 Bg7 3. Nf3 d6 4. Be2 Nf6 5. Nbd2 O-O 6. O-O Nbd7 7. c3 e5 8. dxe5 dxe5 9. Qc2 b6 10. a4 Bb7 11. b4 a6 12. Ba3 Nh5 13. Rfe1 Nf4 14. Bf1 Qf6 15. Nc4 Rfe8 16. Rad1 Rad8 17. Bc1 g5 18. g3 Ne6 19. Bg2 b5 20. axb5 axb5 21. Ne3 Nb6 22. h4 h6 23. hxg5 hxg5 24. Qe2 Rxd1 25. Rxd1 Rd8 26. Ng4 Rxd1+ 27. Qxd1 Qd8 28. Qxd8+ Nxd8 29. Nfxe5 Ne6 30. f4 gxf4 31. gxf4 Nf8 32. Be3 Na4 33. Bd2 f6 34. Nd3 f5 35. exf5 Bxg2 36. Kxg2 Bxc3 37. Be3 Nb2 38. Nxb2 Bxb2 39. Ne5 Nh7 40. Bd2 Nf6 41. Kf3 Bd4 42. Nc6 Bg1 43. Be1 Kf7 44. Bh4 Ne8 45. Nd8+ Kg7 46. Be7 Bb6 47. Ke4 Nf6+ 48. Ke5 Ng4+ 49. Ke6 Bd4 50. Nc6 Bf6 51. Bxf6+ Nxf6 52. Ne5 Nh5 53. Nd3 c6 54. Ke7 Nf6 55. Kd6 Ne4+ 56. Ke5 Nf6 57. Kd6 Ne4+ 58. Ke6 Nf6 59. Ne5 Nd5 60. f6+ Nxf6 61. Nxc6 Nh5 62. Ke5 Nf6 63. Nd4 Nd7+ 64. Ke6 Nf8+ 65. Kd6 Kf6 66. Nxb5 Ne6 67. Nc3 Nd4 68. Kd5 Ne6 69. Ke4 Ke7 70. Ke5 Nd8 71. b5 Nf7+ 72. Kd5 Kd7 73. b6 Nd6 74. Ne4 Nc8 75. Nc5+ 1-0

[Event "44th Badalona Open 2018"]
[Site "Badalona"]
[Date "2018.08.07"]
[Round "7"]
[White "Oliva Castaneda, Kevel"]
[Black "Verstraeten, Reinaert"]
[Result "1/2-1/2"]
[ECO "A48"]
[WhiteElo "2478"]
[BlackElo "2303"]
[Annotator "ChessBase"]
[PlyCount "30"]
[EventDate "2018.08.01"]
[EventType "swiss"]
[EventCountry "ESP"]
[SourceTitle "playchess.com"]
[Source "ChessBase"]
[SourceQuality "1"]
[TimeControl "5400+30"]

1. d4 Nf6 2. Nf3 g6 3. Bf4 Bg7 4. e3 O-O 5. Be2 d6 6. h3 Nbd7 7. O-O Ne4 8. a4 e5 9. Bh2 f5 10. Na3 exd4 11. Nxd4 Ne5 12. c3 Qe7 13. a5 a6 14. Nc4 Kh8 15. Qc2 Bd7 1/2-1/2

[Event "44th Badalona Open 2018"]
[Site "Badalona"]
[Date "2018.08.07"]
[Round "7"]
[White "Sturt, Raven M"]
[Black "Aguero Jimenez, Luis Lazaro"]
[Result "0-1"]
[ECO "D00"]
[WhiteElo "2437"]
[BlackElo "2482"]
[Annotator "RC"]
[PlyCount "94"]
[EventDate "2018.08.01"]
[EventType "swiss"]
[EventCountry "ESP"]
[SourceTitle "playchess.com"]
[Source "ChessBase"]
[SourceQuality "1"]
[TimeControl "5400+30"]

1. d4 d5 2. Bf4 Bf5 3. e3 e6 4. Nf3 Nf6 5. Bd3 Ne4 6. O-O Bd6 7. Bxd6 cxd6 8. Ne1 Qb6 9. b3 Bg6 10. c4 dxc4 11. bxc4 Nc6 12. Qc2 Nb4 13. Qa4+ Ke7 14. Bxe4 Bxe4 15. Nc3 Bg6 16. Nb5 Na6 17. Nf3 Rhc8 18. Rac1 Nc7 19. Na3 Ne8 20. Rc3 Qc6 21. Qa5 b6 22. Qb4 a5 23. Qb5 Qxb5 24. Nxb5 Nc7 25. Na3 Nd5 26. Rb3 Nb4 27. Rb2 Bd3 28. Rc1 d5 29. c5 bxc5 30. dxc5 Rc7 31. Nd2 Rac8 32. Nb3 a4 33. Nd4 Rxc5 34. Rxc5 Rxc5 35. f3 Rc3 36. Nab5 Bxb5 37. Rxb4 Bd7 38. Kf2 e5 39. Ne2 Rc2 40. a3 Ra2 41. h3 Rxa3 42. f4 Rb3 43. Rxb3 axb3 44. Nc3 b2 45. Nxd5+ Kd8 46. Nc3 Bf5 47. e4 Bxe4 0-1

[Event "44th Badalona Open 2018"]
[Site "Badalona"]
[Date "2018.08.07"]
[Round "7"]
[White "Naboka, Sergey"]
[Black "Munoz, Miguel"]
[Result "1/2-1/2"]
[ECO "B31"]
[WhiteElo "2341"]
[BlackElo "2475"]
[Annotator "ChessBase"]
[PlyCount "99"]
[EventDate "2018.08.01"]
[EventType "swiss"]
[EventCountry "ESP"]
[SourceTitle "playchess.com"]
[Source "ChessBase"]
[SourceQuality "1"]
[TimeControl "5400+30"]

1. e4 c5 2. Nf3 Nc6 3. Bb5 g6 4. Bxc6 dxc6 5. h3 Bg7 6. d3 Nf6 7. Nc3 Nd7 8. Be3 e5 9. Qd2 Qe7 10. Bh6 Bxh6 11. Qxh6 f6 12. Nh2 Nb6 13. a4 Be6 14. O-O O-O-O 15. Qe3 g5 16. Rfb1 Kb8 17. a5 Nd7 18. Na4 h5 19. Ra3 g4 20. h4 c4 21. Nf1 f5 22. exf5 Bxf5 23. b4 cxd3 24. cxd3 a6 25. Ng3 Bg6 26. Nc5 Rhe8 27. Nge4 Bxe4 28. Nxe4 Nf6 29. Nxf6 Qxf6 30. Rc3 Rd4 31. Rc4 Red8 32. Re1 R4d5 33. Qg3 Ka8 34. Re3 Qd6 35. Rce4 c5 36. bxc5 Qxc5 37. Rxe5 Qxa5 38. Kh2 Qc7 39. Rxd5 Qxg3+ 40. Kxg3 Rxd5 41. Kf4 b5 42. Re5 Rxd3 43. Rxh5 b4 44. Ra5 Kb7 45. Ra4 Rd4+ 46. Ke5 Rc4 47. Kd5 Rf4 48. Ke5 Rc4 49. Kd5 Rf4 50. Ke5 1/2-1/2

[Event "44th Badalona Open 2018"]
[Site "Badalona"]
[Date "2018.08.07"]
[Round "7"]
[White "Rodriguez Alvarez, Vidal Hely"]
[Black "Escalante Ramirez, Brian Sebastian"]
[Result "1/2-1/2"]
[ECO "E91"]
[WhiteElo "2275"]
[BlackElo "2438"]
[Annotator "NA"]
[PlyCount "77"]
[EventDate "2018.08.01"]
[EventType "swiss"]
[EventCountry "ESP"]
[SourceTitle "playchess.com"]
[Source "ChessBase"]
[SourceQuality "1"]
[TimeControl "5400+30"]

1. Nf3 Nf6 2. c4 g6 3. Nc3 Bg7 4. e4 d6 5. d4 O-O 6. Be2 c5 7. O-O Re8 8. Re1 Bg4 9. Be3 Bxf3 10. Bxf3 cxd4 11. Bxd4 Nc6 12. Be3 Rc8 13. Be2 a6 14. f3 Na5 15. Qa4 Nd7 16. Rac1 Nc5 17. Qa3 Ne6 18. Qb4 Bd4 19. Bxd4 Nxd4 20. Bf1 Rc5 21. Ne2 e6 22. b3 Nac6 23. Qd2 Qa5 24. Red1 Qxd2 25. Rxd2 e5 26. Nxd4 Nxd4 27. Be2 Ra5 28. Kf2 Nc6 29. Kg1 Rd8 30. Kf2 Kf8 31. Ke3 Ke7 32. Bd3 Ra3 33. g3 b6 34. f4 f6 35. Rf2 a5 36. Rcf1 Rf8 37. g4 exf4+ 38. Kxf4 Ne5 39. Bb1 1/2-1/2

[Event "44th Badalona Open 2018"]
[Site "Badalona"]
[Date "2018.08.07"]
[Round "7"]
[White "Ferre Campos, Josep"]
[Black "Casares Bonals, Ainhoa"]
[Result "1-0"]
[ECO "B96"]
[WhiteElo "1878"]
[BlackElo "1637"]
[Annotator "NA"]
[PlyCount "45"]
[EventDate "2018.08.01"]
[EventType "swiss"]
[EventCountry "ESP"]
[SourceTitle "playchess.com"]
[Source "ChessBase"]
[SourceQuality "1"]
[TimeControl "5400+30"]

1. e4 c5 2. Nf3 d6 3. d4 cxd4 4. Nxd4 Nf6 5. Nc3 a6 6. Bg5 e6 7. f4 h6 8. Bh4 Qb6 9. Bxf6 gxf6 10. Qd2 Qxb2 11. Rb1 Qa3 12. f5 Bg7 13. Rb3 Qa5 14. fxe6 fxe6 15. Bc4 Ke7 16. Nd5+ exd5 17. Qxa5 dxc4 18. Qc7+ Nd7 19. Nf5+ Kf7 20. Rg3 Rg8 21. Qxc4+ Kf8 22. Qe6 Ne5 23. Qe7# 1-0